 Dungeon Crawl Stone Soup version 0.30-a0-528-g8c47a4955b (webtiles) character file.

Game seed: 7039235679719208033

15 sanka the Digger (level 2, 0/11 HPs)
             Began as a Felid Earth Elementalist on Dec 23, 2022.
             Slain by a jackal (3 damage)
             ... on level 1 of the Dungeon.
             The game lasted 00:00:45 (608 turns).

sanka the Digger (Felid Earth Elementalist)          Turns: 608, Time: 00:00:45

Health: 0/11       AC:  1    Str:  4    XL:     2   Next: 34%
Magic:  0/6        EV: 17    Int: 16    God:
Gold:   39         SH:  0    Dex: 16    Spells: 2/5 levels left
                                        Lives:  0   Deaths: 0

rFire   . . .      SeeInvis +    (weapon unavailable)
rCold   . . .      Faith    .    (shield unavailable)
rNeg    . . .      Spirit   .    (body armour unavailable)
rPois   .          Reflect  .    (helmet unavailable)
rElec   .          Harm     .    (cloak unavailable)
rCorr   .          Rampage  .    (gloves unavailable)
Will    .....                    (boots unavailable)
Stlth   ++                       (no amulet)
HPRegen 0.21/turn                (no ring)
MPRegen 0.10/turn                (no ring)

@: quick
A: very small, claws 1, fangs 3, see invisible, speed 1, shaggy fur 1, stealthy
paws, no weapons or thrown items, no armour, multi-lived
a: no special abilities


You were on level 1 of the Dungeon.
You visited 1 branch of the dungeon, and saw 1 of its levels.

You collected 39 gold pieces.


Innate Abilities, Weirdness & Mutations

You have sharp claws.
You have razor-sharp teeth.
You have supernaturally acute eyesight. (SInv)
You cover ground quickly. (Speed+)
You are covered in fur. (AC +1)
Your paws help you pounce on unaware monsters.
You are incapable of wielding weapons or throwing items.
You cannot wear armour.
You gain extra lives every three experience levels.


   Skills:
 - Level 2.6 Dodging
 - Level 2.6 Stealth
 - Level 2.0 Spellcasting
 - Level 1.1 Transmutations
 + Level 3.4 Earth Magic


You had 2 spell levels left.
You knew the following spells:

 Your Spells              Type           Power      Damage    Failure   Level
z - Sandblast             Erth           24%        2d8       4%          1
N - Passwall              Tmut/Erth      6%         N/A       12%         2

Your spell library contained the following spells:

 Spells                   Type           Power      Damage    Failure   Level
 Stone Arrow              Conj/Erth      14%        3d7       30%         3
 Petrify                  Tmut/Erth      8%         N/A       63%         4

Inventory:

Scrolls
 d - a scroll of noise {unknown}
 e - a scroll of silence {unknown}
Potions
 a - a potion of magic
 b - a potion of curing {unknown}
 c - 2 potions of brilliance {unknown}

Dungeon Overview and Level Annotations

Branches:
Dungeon (1/15)

Altars:

▒
.........▒.▒.▒.▒▒....▒......▒
▒
▒▒▒▒▒▒▒▒.....▒.....▒.▒▒▒▒▒▒▒▒
▒ ▒.▒ ▒.▒.▒▒▒▒▒▒............
▒ ▒▒.▒ ▒.▒...........▒▒▒▒▒▒▒.
▒.▒▒.▒▒ ▒.............▒
▒.▒...▒ ▒▒▒..▒▒▒▒▒.▒▒▒▒
..▒...▒ ▒▒..▒▒▒▒.▒ ▒▒▒...▒▒
▒▒..▒▒..▒
▒▒.....▒▒▒▒▒▒▒▒.h▒..▒
....<.....▒....▒.h>.▒
▒▒.....▒▒.▒....▒▒▒..▒
▒▒▒...▒▒............▒ ▒
▒...▒▒.▒▒▒▒▒▒▒▒▒.▒▒ ▒
▒...▒▒.▒ .†. ▒ ▒▒.▒▒▒.▒ †.. ▒
▒.▒.▒.▒ ..... ▒ ▒.▒...▒ .....


You could see a jackal.


Message History

You kill the bat!
The jackal misses you.
The blast of sand misses the jackal.
The jackal bites you. The jackal barely misses you.
The blast of sand hits the jackal.
The jackal is lightly wounded.
The jackal closely misses you. The jackal completely misses you.
You scratch the jackal but do no damage.
The jackal is lightly wounded.
The jackal bites you.
* * * LOW HITPOINT WARNING * * *
You barely miss the jackal. You bite the jackal.
The jackal is heavily wounded.
The jackal bites you.
* * * LOW HITPOINT WARNING * * *
The jackal bites you but does no damage.
You scratch the jackal but do no damage.
The jackal is heavily wounded.
The jackal bites you but does no damage.
You barely miss the jackal.
The jackal is heavily wounded.
The jackal completely misses you. The jackal closely misses you.
You miss the jackal.
The jackal is heavily wounded.
The jackal bites you.
You die...

Action                   || total
-------------------------++-------
Melee: Unarmed           ||    11
       Bite              ||     2
 Cast: Sandblast         ||    19
 Stab: Sleeping          ||     1
Armor: Skin              ||     5
Dodge: Dodged            ||    11

Levels and vault maps discovered:
D:1:      dpeg_arrival_rhombus, layout_basic, serial_park_tiny_2

Notes
Turn   | Place    | Note
-------+----------+-------------------------------------------
     0 | D:1      | sanka the Felid Earth Elementalist began the quest for the
                  | Orb.
     0 | D:1      | Reached XP level 1. HP: 7/7 MP: 4/4
    98 | D:1      | Reached skill level 3 in Earth Magic
   444 | D:1      | Reached XP level 2. HP: 11/11 MP: 4/6
   465 | D:1      | Learned a level 2 spell: Passwall
   608 | D:1      | Slain by a jackal

Vanquished Creatures
  An endoplasm (D:1)
  A giant cockroach (D:1)
  3 jackals (D:1)
  A quokka (D:1)
  A ball python (D:1)
  3 bats (D:1)
  A frilled lizard (D:1)
  A goblin (D:1)
  A kobold (D:1)
  A rat (D:1)
14 creatures vanquished.
